← All builds
Air / Cortex / Economy first / OBSERVED BUILD

Standard air

Cortex Air build order · Supreme Isthmus

Economy-first air build: Aircraft Plant then Advanced Metal Extractor and Fusion Reactor, making transports and scouts for allies while transitioning into fighters and occasional bombers over the whole game.

Usually transports first (78%)

#eco #air #team support · 1496 distinct matches · 252 players · 80% of Cortex Air games · team won 46% of 1799 · Recently observed

HOW TO PLAY IT

Key timing: Aircraft Plant by 1:24

  1. Open 3 mex and wind, then drop Aircraft Plant early.
  2. Finish Aircraft Plant and start fighters for scouting and defense.
  3. Eat the Aircraft Plant once production needs outgrow it.
  4. Get Advanced Metal Extractor up to scale eco.
  5. Bring Fusion Reactor online and keep feeding transports, scouts, fighters to allies.

Phase by phase

TYPICAL OF ITS 1496 GAMES
  1. 1
  2. 2
  3. 3
PLAY THE OPENING

Follow the example game's first 6:00 step by step: what to build now, what comes next, and where it goes. At 1× it keeps pace with your own game.

  1. 1

    Up to the Aircraft Plant

    Economy
    • Metal Extractor3Mex
    • Wind Turbine4Wind
    Order
    1. Aircraft PlantAircraft Plant after 3 mex, 4 winddone ~1:26, middle half 1:14–1:35

    Some games also: energy storage (38%)

    By 1:07 in all: 3 mex · 4 wind

    The example game in this phase · 3 steps
    1. Mex ×3
    2. Wind ×3
    3. Aircraft PlantAircraft Plantdone 1:11 · typical 1:26
  2. 2

    Aircraft Plant to 5:00

    Economy
    • Metal Extractor1Mex
    • Wind Turbine9Wind
    • Wind Turbine3Wind
    Builders
    • Construction Turret2 Con turret
    • Construction Aircraft1 Con aircraft
    Army
    • Valiant5 Valiant
    • Hercules2 Light transport for allies
    • Finch2 Finch for allies
    • Finch1 Finch
    • Hephaestus1 Heavy transport for allies

    Some games also: shuriken (49%) · energy storage (45%) · converter (44%) · light transport (40%)

    By 5:00 in all: 3 mex · 1 mex · 13 wind · 3 wind · 1 energy storage · 2 con turret

    The example game in this phase · 24 steps
    1. FinchFinch
    2. HerculesLight transportfor Geo sea
    3. Wind ×3
    4. FinchFinchfor Geo sea
    5. Wind ×2
    6. HephaestusHeavy transportfor Beach sea
    7. FinchFinchfor Beach sea
    8. Wind ×3
    9. ValiantValiant
    10. Wind
    11. Mex
    12. ValiantValiant
    13. ShurikenShuriken ×2
    14. Wind ×3
    15. Wind
    16. Wind
    17. Solar
    18. ShurikenShuriken
    19. Wind
    20. Con turret
    21. ShurikenShuriken
    22. ValiantValiant ×4
    23. Energy storage
    24. ValiantValiant
  3. 3

    5:00 to 10:00

    Economy
    • Wind Turbine21Wind
    • Wind Turbine5Wind
    • Energy Converter6Converter
    Order
    1. Aircraft PlantEat Aircraft Plant
    2. Aircraft PlantAircraft Plant after 19 wind, 18 wind, 7 converterin 58% of games
    Builders
    • Construction Turret3 Con turret
    Army
    • Valiant9 Valiant

    Some games also: shuriken (48%) · fusion (38%) · con aircraft (35%) · light transport (31%)

    By 10:00 in all: 3 mex · 1 mex · 25 wind · 20 wind · 8 converter · 1 energy storage

    The example game in this phase · 95 steps
    1. HerculesLight transportfor Tech
    2. ValiantValiant
    3. Wind ×5
    4. ValiantValiant
    5. Wind ×6
    6. ValiantValiant
    7. Wind ×4
    8. Con turret
    9. ValiantValiant
    10. Converter ×2
    11. ValiantValiant
    12. Converter ×2
    13. HerculesLight transport
    14. Wind
    15. Wind
    16. Wind
    17. Wind
    18. Wind
    19. Wind
    20. Wind
    21. Wind ×3
    22. Con turret
    23. Wind ×3
    24. Advanced Metal ExtractorT2 mexdone 8:36 · typical 6:54
    25. HerculesLight transportfor Front
    26. Con turret
    27. Advanced Metal ExtractorT2 mex ×2
    28. Fusion ReactorFusiondone 11:19 · typical 10:53
    29. Advanced Metal ExtractorT2 mex
    30. T2 converter
    31. Construction AircraftCon aircraft
    32. T2 converter
    33. Con turret ×2
    34. Construction AircraftCon aircraft
    35. Wind
    36. Con turret
    37. Wind
    38. Con turret
    39. Wind
    40. Construction AircraftCon aircraft
    41. Wind ×2
    42. Construction AircraftCon aircraft
    43. Wind ×2
    44. Con turret
    45. Wind ×4
    46. Fusion ReactorFusion
    47. Wind ×5
    48. ValiantValiant
    49. Wind ×12
    50. T2 converter
    51. Wind ×4
    52. Con turret ×2
    53. Wind ×3
    54. Con turret
    55. Wind
    56. Con turret
    57. Wind ×2
    58. ValiantValiant
    59. Wind
    60. ValiantValiant
    61. Wind ×2
    62. ValiantValiant
    63. Wind
    64. ValiantValiant ×2
    65. Wind
    66. ValiantValiant
    67. Wind
    68. ValiantValiant
    69. Wind
    70. ValiantValiant
    71. Wind
    72. ShurikenShuriken
    73. Wind
    74. ShurikenShuriken
    75. Wind
    76. ShurikenShuriken ×2
    77. Wind ×2
    78. ShurikenShuriken
    79. Wind
    80. ShurikenShuriken
    81. Wind
    82. ShurikenShuriken
    83. Wind
    84. ShurikenShuriken
    85. Wind ×2
    86. ShurikenShuriken ×2
    87. Wind
    88. ShurikenShuriken
    89. Wind ×3
    90. T2 converter
    91. Wind
    92. Aircraft PlantAircraft Plantdone 14:54
    93. Wind
    94. HephaestusHeavy transport
    95. Wind ×5

Counts are medians over the build's games: half of them build more, half fewer. The example game is gy0h6y's (33 OS, 12/10/2026); pick another.

Team trades

IN AT LEAST 30% OF ITS GAMES

You hand over

  • Finch2 Finch to Geo sea or Beach seafirst at 1:51 · in 96% of games
  • Hercules3 Light transport to Tech or Geo sea or Beach seafirst at 2:06 · in 99% of games
  • Hephaestus1 Heavy transport to Beach sea or Pond or Techfirst at 2:23 · in 72% of games

You get

  • Wind Turbine3 Wind from Beach sea or Geo seafirst at 1:37 · in 64% of games
  • Wind Turbine3 Wind from Beach sea or Geo sea or Pondfirst at 1:42 · in 46% of games
  • Construction Bot1 Con bot from Techfirst at 2:23 · in 88% of games
  • Advanced Construction Bot1 T2 con bot from Techfirst at 6:05 · in 96% of games

How it plays out

Typical game of this build, running totals by minute

Metal produced

010k20k30k
0:005:0010:0015:00

metal

Enemy metal destroyed

01k2k
0:005:0010:0015:00

metal

Own metal lost

01k2k3k
0:005:0010:0015:00

metal

1799 games.

Show as table
ByMetal produced: This buildEnemy metal destroyed: This buildOwn metal lost: This build
1:0039200
2:0092300
3:00145600
4:002052051
5:0027635173
6:003705102124
7:005088146167
8:006898190219
9:009278232270
10:0011753292384
11:0014351373538
12:0017061513781
13:00198507811102
14:002270012641689
15:002570818042405
WHAT THE NUMBERS SAY

Standard air play wins less than half its games, with very low combat losses and kills since the role mostly supports rather than fights.

  • + Own metal lost stays very low, only 2701 by 15:00.
  • + Metal production reaches 25740 by 15:00, a strong support economy.
  • − Team wins under half of games (47%).
  • − Enemy metal destroyed stays low at 2097 by 15:00, showing little direct impact.
THE EXAMPLE YOU ARE READING

gy0h6y

33.0 OS · 12/10/2026

Open source match ↗

2 received units · includes a constructor
538 metal received · 4117 energy received

Allied construction assistance is unknown. Timings are observations, not a promise of solo reproducibility.

Typical milestones

Aircraft Plant1:26Middle 50%: 1:14–1:35 · n=1799
Advanced Metal Extractor6:54Middle 50%: 6:27–7:26 · n=1740
Fusion Reactor10:53Middle 50%: 9:47–12:18 · n=1151

Played most by

TheGeneraI114games of this buildDad_The_Speedrunner72games of this buildHunfore62games of this buildMilkdragon51games of this buildAdeus50games of this build